 Dungeon Sprint DCSS version 0.29-a0-451-gfbfa42419e (webtiles) character file.

Game seed: 9847728049628090591

10161 mhtbhm the Eviscerator (level 11, -12/57 HPs)
             Began as a Felid Berserker on May 19, 2022.
             Was the Champion of Trog.
             Killed from afar by a fire giant (17 damage)
             ... with a fireball
             ... in the Dungeon (Sprint I: "Red Sonja") on May 20, 2022.
             The game lasted 00:13:28 (5181 turns).

mhtbhm the Eviscerator (Felid Berserker)            Turns: 5181, Time: 00:13:29

Health: -12/57     AC:  7    Str: 22    XL:     11   Next: 32%
Magic:  12/12      EV: 46    Int:  8    God:    Trog [******]
Gold:   1381       SH:  0    Dex: 15    Spells: 10/10 levels left
                                        Lives:  0   Deaths: 2

rFire   + . .      SeeInvis +     - Unarmed
rCold   + . .      Faith    .   (shield unavailable)
rNeg    . . .      Spirit   .   (body armour unavailable)
rPois   .          Reflect  .   (helmet unavailable)
rElec   .          Harm     .   (cloak unavailable)
rCorr   .          Rampage  .   (gloves unavailable)
Will    +....      Rage     1%  (boots unavailable)
Stlth   +++++++... NoTele   +   p - amulet of the Crushed Lies {Acrobat Str+5}
HPRegen 0.19/turn               q - ring of protection from fire
MPRegen 0.13/turn               u - +4 ring of protection

@: on berserk cooldown, acrobatic, slowed, slow
A: very small, claws 1, fangs 3, see invisible, speed 1, shaggy fur 3, stealthy
paws, no weapons or thrown items, no armour, multi-lived, berserk 1, dopey 1
a: Renounce Religion, Berserk, Trog's Hand, Brothers in Arms


You were in the Dungeon.
You worshipped Trog.
Trog was exalted by your worship.
You visited 1 branch You collected 4922 gold pieces.
You spent 3541 gold pieces at shops.

Inventory:

Jewellery
 j - an amulet of the acrobat
 p - the amulet of the Crushed Lies (around neck) {Acrobat Str+5}
   (You acquired it in the Dungeon)

   [amulet of the acrobat]

   It increases your evasion while moving and waiting.
   Str:       It affects your strength (+5).
 q - a ring of protection from fire (left paw)
 r - an amulet of faith
 s - a +6 ring of strength
 u - a +4 ring of protection (right paw)
Wands
 a - a wand of flame (6)
 g - a wand of charming (2)
Scrolls
 f - 2 scrolls of blinking
 h - 3 scrolls of poison
 k - 5 scrolls of summoning
 l - 2 scrolls of identify
 t - a scroll of fog
Potions
 c - 2 potions of haste
 d - 2 potions of magic
 e - 2 potions of berserk rage
 i - 8 potions of curing
 m - 4 potions of mutation
 v - a potion of invisibility
 w - a potion of flight
Miscellaneous
 n - a condenser vane
 o - a lightning rod (3/4)


   Skills:
 + Level 12.6 Fighting
 + Level 21.1 Dodging
 + Level 20.3 Stealth
 + Level 23.4 Unarmed Combat
 + Level 3.9 Evocations


You had 10 spell levels left.
You didn't know any spells.
Your spell library was empty.

Dungeon Overview and Level Annotations

Branches:
Dungeon (1/1)

Altars:
Cheibriados
Dithmenos
Elyvilon
Fedhas
Gozag
Hepliaklqana
Kikubaaqudgha
Makhleb
Nemelex Xobeh
Okawaru
Qazlal
Ru
Sif Muna
Trog
Uskayaw
Vehumet
Wu Jian
Xom
Yredelemnul
Zin
The Shining One
Jiyva
Lugonu

Shops:
D ?**[[=[?*([!*?[*=[?[**

Annotations:
D Lom Lobon


Innate Abilities, Weirdness & Mutations

You have sharp claws.
You have razor-sharp teeth.
You have supernaturally acute eyesight. (SInv)
You cover ground quickly. (Speed+)
Your thick and shaggy fur keeps you warm. (AC +3, rC+)
Your paws help you pounce on unaware monsters.
You are incapable of wielding weapons or throwing items.
You cannot wear armour.
You gain extra lives every three experience levels.
You tend to lose your temper in combat.
You are dopey. (Int -2)


Message History

Trog accepts your kill.
Trog appreciates your killing of a magic user.
The fire giant is engulfed in noxious fumes.
Unknown command.
You are no longer berserk.
You are exhausted.
You feel yourself slow down.
Unknown command.
Unknown command.
Aiming: Thunderbolt
Press: ? - help, Shift-Dir - straight line, f - fire giant
Aim: a fire giant, wielding a +2 great sword of flaming (noxious fumes, confused)
The thunderbolt hits the fire giant!
The fire giant is lightly wounded.
The fire giant seems less confused.
The fire giant is engulfed in noxious fumes. x2
The fire giant completely misses you.
Unknown command.
Unknown command.
Your iron troll goes berserk!
The fire giant is engulfed in noxious fumes.
The fire giant gestures at you while chanting.
The bolt of fire misses you.
Unknown command.
The fire giant is engulfed in noxious fumes.
The fire giant points at you and mumbles some strange words.
The fireball explodes!
The fireball engulfs you!! You resist.
* * * LOW HITPOINT WARNING * * *
The fireball engulfs your iron troll!!
Your iron troll resists.
The fire giant is engulfed in noxious fumes.
Okay, then.
Okay, then.
Okay, then.
The fire giant points at you and mumbles some strange words.
The fireball explodes!
The fireball engulfs your iron troll.
Your iron troll resists.
The fireball engulfs the fire giant.
The fire giant resists.
The fireball engulfs you! You resist.
You die...

.###.'.#°..#**++*#†##..$#..≈##§§§
##.###.#°.##*,,**#..#+###..≈#..§§
.'.∩##.#..#***,,*##...#.≈..##...§
######§#*+*,,*,,*,###.#.≈..#.§...
....##§#*,*,,,,,,,,,#.###..#§§..§
...§§'§#***,,,,,,,,,#.#.+..##..§§
######§#,,+,,,,,,**##'#.##'##...§
....§#.#****,,,###....#.#≈≈≈##...
....#§§#$)?#####@..####^#≈≈≈≈##([
...≈####$°§°§§CT.###,,,,#≈≈≈≈≈###
..≈≈#*,($.§§§#####,,^^####≈≈≈≈#≈≈
≈≈≈##*,)☼○§.**^,,,,,,,#..#'≈≈≈'≈≈
≈### *,.§..**,^,^,,,,,#...##≈≈#≈≈
#'###*,$$$,*^,,,,,°,^^#....######
##∩∩#**##*******,,&○°,#....#≈≈≈≈≈
∩∩∩##*≈≈≈≈≈≈≈≈,*,,°°°.#######≈≈≈≈
#### ***********^,.○.°'|}#))'..)≈


You could see a fire giant (ally target) and a friendly iron troll (summoned,
berserk).

Vanquished Creatures
  A golden dragon (D)
  A deep elf master archer (D)
  A shadow dragon (D)
  3 fire giants (D)
  A deep elf annihilator (D)
  A mummy priest (D)
  A hydra (D)
  2 centaur warriors (D)
  Sonja (D)
  A deep troll (D)
  A lindwurm (D)
  2 oklob plants (D)
  2 merfolk sirens (D)
  2 gargoyles (D)
  7 unseen horrors (D)
  2 kobold demonologists (D)
  4 demonic crawlers (D)
  A hellwing (D)
  5 hornets (D)
  A slime creature (D)
  Sigmund (D)
  A yak (D)
  13 hogs (D)
  2 redbacks (D)
  3 floating eyes (D)
  An ogre (D)
  7 necrophages (D)
  8 jellies (D)
  Ijyb (D)
77 creatures vanquished.

Vanquished Creatures (collateral kills)
  the Lernaean hydra (D)
  8 shining eyes (D)
  4 floating eyes (D)
13 creatures vanquished.

Vanquished Creatures (others)
  2 ballistomycete spores (D)
2 creatures vanquished.

Grand Total: 92 creatures vanquished

Notes
Turn   | Place    | Note
-------+----------+-------------------------------------------
     0 | D        | mhtbhm the Felid Berserker began the quest for the Orb.
     0 | D        | Reached XP level 1. HP: 10/10 MP: 2/2
     1 | D        | Noticed Ijyb
    10 | D        | Killed Ijyb
    11 | D        | Reached skill level 5 in Dodging
    11 | D        | Reached skill level 4 in Unarmed Combat
    11 | D        | Reached XP level 2. HP: 9/15 MP: 3/3
   178 | D        | Noticed an ogre
   184 | D        | Killed an ogre
   185 | D        | Reached skill level 5 in Fighting
   185 | D        | Reached skill level 1 in Stealth
   185 | D        | Reached skill level 6 in Unarmed Combat
   185 | D        | Reached XP level 3. HP: 20/20 MP: 4/4
   185 | D        | Reached XP level 4. HP: 24/24 MP: 5/5
   369 | D        | Noticed Sigmund
   385 | D        | Killed Sigmund
   385 | D        | Reached ** piety under Trog
   386 | D        | Reached skill level 8 in Unarmed Combat
   386 | D        | Reached XP level 5. HP: 12/28 MP: 6/6
   535 | D        | Found an ornate altar of the Wu Jian Council.
   535 | D        | Found a shimmering blue altar of Sif Muna.
   537 | D        | Found a radiant altar of Vehumet.
   541 | D        | Reached skill level 10 in Dodging
   541 | D        | Gained mutation: You are covered in thick fur. (AC +2)
                  | [Felid growth]
   541 | D        | Reached XP level 6. HP: 29/33 MP: 7/7
   580 | D        | Found Qocsutuo's Armour Emporium.
   580 | D        | Found an ancient bone altar of Kikubaaqudgha.
   580 | D        | Found a hazy altar of Hepliaklqana.
   580 | D        | Found a stormy altar of Qazlal.
   580 | D        | Found a hide-covered altar of Uskayaw.
   580 | D        | Found a blossoming altar of Fedhas.
   580 | D        | Found a bloodstained altar of Trog.
   580 | D        | Found an iron altar of Okawaru.
   580 | D        | Found a basalt altar of Yredelemnul.
   580 | D        | Found a glowing golden altar of the Shining One.
   580 | D        | Found a snail-covered altar of Cheibriados.
   580 | D        | Found a sacrificial altar of Ru.
   580 | D        | Found a glowing silver altar of Zin.
   580 | D        | Found a shadowy altar of Dithmenos.
   580 | D        | Found a white marble altar of Elyvilon.
   580 | D        | Noticed a yak
   581 | D        | Found an opulent altar of Gozag.
   582 | D        | Killed a yak
   583 | D        | Reached skill level 9 in Unarmed Combat
   583 | D        | Found a sparkling altar of Nemelex Xobeh.
   593 | D        | Noticed Sonja
   609 | D        | Killed Sonja
   609 | D        | Reached *** piety under Trog
   610 | D        | Reached skill level 5 in Stealth
   610 | D        | Reached skill level 11 in Unarmed Combat
   610 | D        | Reached XP level 7. HP: 24/38 MP: 8/8
   659 | D        | Found Qorhab's Magic Scroll Boutique.
   667 | D        | Bought a scroll of blinking for 90 gold pieces
   800 | D        | Found a burning altar of Makhleb.
   800 | D        | Found a viscous altar of Jiyva.
   800 | D        | Found a shimmering altar of Xom.
   800 | D        | Found a corrupted altar of Lugonu.
   800 | D        | Noticed a slime creature
   806 | D        | Killed a slime creature
   807 | D        | Reached XP level 8. HP: 43/43 MP: 9/9
   905 | D        | Noticed a kobold demonologist
   906 | D        | Noticed a kobold demonologist
   916 | D        | Killed a kobold demonologist
   916 | D        | Reached **** piety under Trog
   917 | D        | Reached skill level 10 in Fighting
   917 | D        | Reached skill level 12 in Unarmed Combat
   919 | D        | Noticed a red devil
   921 | D        | Killed a kobold demonologist
  1137 | D        | Noticed a deep troll
  1149 | D        | Killed a deep troll
  1150 | D        | Reached skill level 13 in Unarmed Combat
  1150 | D        | Reached XP level 9. HP: 25/48 MP: 10/10
  1160 | D        | Found Oseadu's Armour Emporium.
  1354 | D        | Noticed a centaur warrior
  1355 | D        | Noticed a centaur warrior
  1356 | D        | Killed a centaur warrior
  1357 | D        | Reached skill level 15 in Dodging
  1357 | D        | Reached skill level 14 in Unarmed Combat
  1359 | D        | Killed a centaur warrior
  1359 | D        | Reached ***** piety under Trog
  1360 | D        | Reached skill level 15 in Unarmed Combat
  1480 | D        | Noticed an oklob plant
  1482 | D        | Killed an oklob plant
  1483 | D        | Reached XP level 10. HP: 53/53 MP: 11/11
  1526 | D        | Reached skill level 10 in Stealth
  1529 | D        | Reached skill level 16 in Unarmed Combat
  1722 | D        | Reached ****** piety under Trog
  2075 | D        | Found the +3 robe of Clouds {*Thunder rCloud rElec}
  2132 | D        | Found Pyojiuwk's Magic Scroll Shoppe.
  2132 | D        | Found Xemeliho's Antique Armour Shop.
  2132 | D        | Found Ytwub's General Store.
  2134 | D        | Found Kotojuja's Antique Weapon Emporium.
  2134 | D        | Found Neryevio's Antique Armour Shop.
  2134 | D        | Found Xures's Distillery.
  2134 | D        | Found Okoelutz's General Store.
  2134 | D        | Found Liwoj's Magic Scroll Emporium.
  2134 | D        | Found Kasoos's Antique Armour Shop.
  2134 | D        | Found Ytiod's General Store.
  2137 | D        | Bought a scroll of acquirement for 624 gold pieces
  2138 | D        | Found Rorphat's Jewellery Boutique.
  2139 | D        | Found Qafad's Magic Scroll Emporium.
  2139 | D        | Found Barchena's Armour Boutique.
  2140 | D        | Found Deupneig's General Store.
  2146 | D        | Bought a ring of protection from fire for 325 gold pieces
  2147 | D        | Acquired the amulet of the Crushed Lies {Acrobat Str+5}
  2221 | D        | Noticed a gargoyle
  2227 | D        | Killed a gargoyle
  2228 | D        | Reached skill level 17 in Unarmed Combat
  2493 | D        | Noticed a lindwurm
  2495 | D        | Killed a lindwurm
  2518 | D        | Reached XP level 11. HP: 38/57 MP: 12/12
  2525 | D        | Reached skill level 18 in Unarmed Combat
  2534 | D        | Reached skill level 1 in Evocations
  2724 | D        | Noticed a 12-headed hydra
  2726 | D        | Killed a 12-headed hydra
  2729 | D        | Reached skill level 15 in Stealth
  2791 | D        | Noticed a shadow dragon
  2791 | D        | Noticed a golden dragon
  2796 | D        | Killed a shadow dragon
  2797 | D        | Reached skill level 19 in Unarmed Combat
  2798 | D        | Killed a golden dragon
  2799 | D        | Reached skill level 20 in Unarmed Combat
  2799 | D        | Identified the +11 war axe of Fimbulwinter {vorpal, rF+
                  | Int+4 Dex+3}
  2861 | D        | Found Xustrurgh's General Store.
  2878 | D        | Bought a scroll of fog for 28 gold pieces
  2888 | D        | Bought a scroll of identify for 28 gold pieces
  2928 | D        | Noticed a daeva
  3177 | D        | Bought a potion of flight for 42 gold pieces
  3178 | D        | Bought a scroll of blinking for 90 gold pieces
  3184 | D        | Bought a potion of haste for 100 gold pieces
  3191 | D        | Bought a scroll of blinking for 105 gold pieces
  3196 | D        | Bought a scroll of blinking for 90 gold pieces
  3200 | D        | Bought 2 potions of flight for 72 gold pieces
  3200 | D        | Bought a potion of mutation for 96 gold pieces
  3200 | D        | Bought a potion of mutation for 96 gold pieces
  3200 | D        | Bought a potion of mutation for 96 gold pieces
  3200 | D        | Bought a potion of mutation for 96 gold pieces
  3248 | D        | Noticed a shining eye
  3248 | D        | Noticed a shining eye
  3248 | D        | Noticed a shining eye
  3248 | D        | Noticed a shining eye
  3248 | D        | Noticed a shining eye
  3248 | D        | Noticed a shining eye
  3250 | D        | Gained mutation: You tend to lose your temper in combat. [a
                  | shining eye]
  3251 | D        | Killed a shining eye
  3251 | D        | Killed a shining eye
  3253 | D        | Noticed a shining eye
  3253 | D        | Noticed a shining eye
  3253 | D        | Killed a shining eye
  3254 | D        | Reached skill level 21 in Unarmed Combat
  3254 | D        | Paralysed by a floating eye for 3 turns
  3256 | D        | Gained mutation: Your thick and shaggy fur keeps you warm.
                  | (AC +3, rC+) [Felid growth]
  3256 | D        | Reached XP level 12. HP: 61/61 MP: 13/13
  3256 | D        | Gained mutation: You are dopey. (Int -2) [a shining eye]
  3266 | D        | Found Doteu's Assorted Antiques.
  3266 | D        | Found Naivel's Antique Armour Shop.
  3266 | D        | Found Kavirch's General Store.
  3266 | D        | Found Addup's Jewellery Boutique.
  3272 | D        | Bought a scroll of fog for 48 gold pieces
  3285 | D        | Bought a +4 ring of protection for 432 gold pieces
  3367 | D        | Noticed a deep elf annihilator
  3505 | D        | Reached skill level 22 in Unarmed Combat
  3680 | D        | Noticed a mummy priest
  3686 | D        | Killed a deep elf annihilator
  3756 | D        | HP: 4/91 [freezing wraith[a mummy priest] (4)]
  3758 | D        | Slain by a mummy priest
  3759 | D        | Reached XP level 11. HP: -1/85 MP: 12/12
  3868 | D        | Noticed a shadow wraith
  4029 | D        | Killed a mummy priest
  4120 | D        | Noticed the 27-headed Lernaean hydra
  4138 | D        | Killed the 27-headed Lernaean hydra
  4310 | D        | Noticed a deep elf master archer
  4316 | D        | Killed a deep elf master archer
  4317 | D        | Reached skill level 23 in Unarmed Combat
  4447 | D        | Identified the +6 spear "Hukaowk" {vorpal, rPois rF+ rC-}
  4449 | D        | Noticed Lom Lobon
  4823 | D        | Bought a scroll of identify for 24 gold pieces
  4823 | D        | Bought a scroll of identify for 24 gold pieces
  4824 | D        | Bought a potion of haste for 110 gold pieces
  4827 | D        | Bought a potion of curing for 36 gold pieces
  4828 | D        | Bought a potion of curing for 42 gold pieces
  4829 | D        | Bought a scroll of summoning for 114 gold pieces
  4829 | D        | Bought a scroll of summoning for 114 gold pieces
  4831 | D        | Bought a scroll of blinking for 105 gold pieces
  4833 | D        | Bought a scroll of blinking for 82 gold pieces
  4833 | D        | Bought a scroll of summoning for 104 gold pieces
  4833 | D        | Bought a scroll of summoning for 104 gold pieces
  4835 | D        | Bought a potion of invisibility for 80 gold pieces
  4888 | D        | Bought 2 potions of curing for 144 gold pieces
  5042 | D        | Killed from afar by a daeva
  5043 | D        | Reached XP level 10. HP: -5/54 MP: 11/11
  5163 | D        | Noticed a fire giant
  5163 | D        | Noticed a fire giant
  5163 | D        | Noticed a fire giant
  5163 | D        | Noticed a fire giant
  5168 | D        | Killed a fire giant
  5169 | D        | Reached XP level 11. HP: 42/57 MP: 12/12
  5170 | D        | Killed a fire giant
  5176 | D        | Killed a fire giant
  5181 | D        | Killed from afar by a fire giant

Illustrated notes

Levels and vault maps discovered:
D:        dungeon_sprint_1 [red_sonja_temple_1, red_sonja_temple_small_1]

Skill      XL: |  1  2  3  4  5  6  7  8  9 10 11 12 |
---------------+-------------------------------------+-----
Fighting       | 4 5 7 9 11 12 | 12.6
Dodging        | 5 7 9 10 12 13 14 16 17 21 | 21.1
Unarmed Combat | 4 6 8 11 13 15 17 23 22 | 23.4
Stealth        | 1 2 5 7 9 20 19 18 | 20.3
Evocations     | 3 |  3.9

Action                   |  1- 3 |  4- 6 |  7- 9 | 10-12 || total
-------------------------+-------+-------+-------+-------++-------
Melee: Unarmed           |    10 |    20 |    30 |   172 ||   232
       Bite              |       |     4 |     5 |    23 ||    32
       Punch             |       |       |     3 |    26 ||    29
Invok: Berserk           |     2 |     2 |     4 |     8 ||    16
       Brothers in Arms  |       |       |       |     8 ||     8
Evoke: Wand              |       |     1 |       |     2 ||     3
       Condenser vane    |       |       |       |     3 ||     3
       Lightning rod     |       |       |       |     4 ||     4
  Use: Potion            |       |     1 |       |     6 ||     7
       Scroll            |       |       |     1 |    11 ||    12
 Stab: Sleeping          |     1 |     1 |     3 |    11 ||    16
       Confused          |       |       |       |     2 ||     2
       Distracted        |       |       |       |     1 ||     1
Armor: Skin              |       |     1 |     3 |     8 ||    12
Dodge: Dodged            |     4 |    22 |    27 |   173 ||   226

Table legend: (Time is in decaauts)
 A = Elapsed time spent in this place.
 B = Non-inter-level travel time spent in this place.
 C = Inter-level travel time spent in this place.
 D = Time resting spent in this place.
 E = Time spent auto-exploring this place.
 F = Levels seen in this place.
 G = Mean time per level.
                   A        B        C        D        E       F      G
               +--------+--------+--------+--------+--------+-----+--------+
         Total |   4951 |   4791 |    160 |   3224 |      5 |   1 | 4951.0 |
       Dungeon |   4951 |   4791 |    160 |   3224 |      5 |   1 | 4951.0 |
               +--------+--------+--------+--------+--------+-----+--------+

Top non-repeatable levels by time:
       D: 4951 daAuts
